 Dungeon Crawl Stone Soup version 0.28-b1-78-gc65acfa365 (webtiles) character file.

Game seed: 15913747147639403566

159 Cykl0x the Conjurer (level 5, -1/29 HPs)
             Began as a Gargoyle Conjurer on Feb 4, 2022.
             Killed by divine providence
             ... invoked by an orc priest
              (10 damage)
             ... on level 3 of the Dungeon.
             The game lasted 00:10:56 (3795 turns).

Cykl0x the Conjurer (Gargoyle Conjurer)             Turns: 3795, Time: 00:10:56

Health: -1/29      AC: 12    Str: 10    XL:     5   Next: 40%
Magic:  0/8        EV: 10    Int: 21    God:
Gold:   85         SH:  5    Dex:  8    Spells: 5/8 levels left

rFire   . . .      SeeInvis .   h - +0 falchion
rCold   . . .      Faith    .   (no shield)
rNeg    + . .      Spirit   .   q - +1 ring mail
rPois   ∞          Reflect  +   (no helmet)
rElec   +          Harm     .   (no cloak)
rCorr   .          Rampage  .   d - +0 pair of gloves
Will    .....                   p - +0 pair of boots
Stlth   +.........              m - amulet of reflection
HPRegen 0.09/turn               (no ring)
MPRegen 0.11/turn               (no ring)

@: no status effects
A: sickness immunity, AC +4, negative energy resistance 1, electricity
resistance, torment resistance 1, petrification resistance
a: no special abilities


You were on level 3 of the Dungeon.
You visited 1 branch of the dungeon, and saw 3 of its levels.

You collected 85 gold pieces.

Inventory:

Hand Weapons
 c - a +1 dagger of protection
 h - a +0 falchion (weapon)
Armour
 a - a +0 robe
 d - a +0 pair of gloves (worn)
 k - the +3 tower shield "Qybloj" {+Inv Int+4}
   (You found it on level 3 of the Dungeon)

   Int:       It affects your intelligence (+4).
   +Inv:      It lets you turn invisible.
 n - a +0 tower shield
 p - a +0 pair of boots (worn)
 q - a +1 ring mail (worn)
Jewellery
 j - a +6 ring of dexterity
 m - an amulet of reflection (around neck)
Wands
 l - a wand of iceblast (5)
Scrolls
 g - a scroll of amnesia
 s - 2 scrolls of holy word
Potions
 b - 2 potions of invisibility
 f - a potion of curing {unknown}
 i - a potion of haste {unknown}
 o - a potion of might {unknown}
 r - a potion of cancellation {unknown}
 t - a potion of lignification {unknown}


   Skills:
 * Level 1.4 Fighting
 + Level 0.3(1.0) Short Blades
 * Level 1.3(1.4) Long Blades
 * Level 2.3 Armour
 + Level 2.2 Dodging
 - Level 2.1 Stealth
 + Level 0.1 Shields
 + Level 2.2 Spellcasting
 + Level 5.0 Conjurations
 * Level 0.8 Hexes


You had 5 spell levels left.
You knew the following spells:

 Your Spells              Type           Power      Damage    Failure   Level
a - Magic Dart            Conj           92%        1d7       4%          1
b - Searing Ray           Conj           46%        2d6       7%          2

Your spell library contained the following spells:

 Spells                   Type           Power      Damage    Failure   Level
 Dazzling Flash           Conj/Hex       28%        N/A       32%         3
 Fulminant Prism          Conj/Hex       7%         3d7       71%         4
 Iskenderun's Mystic Bla  Conj/Tloc      13%        2d5       77%         4
 Iskenderun's Battlesphe  Conj           23%        2d8       77%         5
 Iron Shot                Conj/Erth      6%         9d2       100%        6
 Spellforged Servitor     Conj/Summ      6%         N/A       100%        7


Dungeon Overview and Level Annotations

Branches:
Dungeon (3/15)

Altars:


Innate Abilities, Weirdness & Mutations

You are immune to sickness and miasma.
Your stone body is resilient. (AC +4)
You are immune to poison.
You resist negative energy. (rN+)
You are resistant to electric shocks. (rElec)
You are resistant to unholy torment.
You are immune to petrification.


Message History

You hit the orc priest.
The orc priest is moderately wounded.
You block the orc priest's attack. x2
You hit the orc priest.
The orc priest is heavily wounded.
You block the orc priest's attack.
You barely miss the orc priest.
The orc priest is heavily wounded.
The orc priest misses you.
You hit the orc priest but do no damage.
The orc priest is heavily wounded.
The orc priest looks satisfied for a moment.
You hit the orc priest but do no damage.
The orc priest is heavily wounded.
You block the orc priest's attack.
You barely miss the orc priest.
The orc priest is heavily wounded.
The orc priest hits you but does no damage.
The orc priest calls down the wrath of Beogh upon you.
Beogh smites you!
You closely miss the orc priest.
The orc priest is heavily wounded.
The orc priest barely misses you.
You hit the orc priest but do no damage.
The orc priest is heavily wounded.
The orc priest hits you but does no damage.
Casting: Searing Ray (safe; 7% risk of failure)
Confirm with . or Enter, or press ? or * to list all spells.
Aiming: Searing Ray (safe; 7% risk of failure)
Press: ? - help, Shift-Dir - straight line, f - orc priest
Aim: an orc priest, wielding a +0 short sword and wearing a +0 chain mail (heavily wounded, 84% to hit)
The searing ray hits the orc priest.
The orc priest is heavily wounded. (Press . to maintain the ray.)
The orc priest hits you with a +0 short sword.
* * * LOW HITPOINT WARNING * * *
Without enough magic to sustain it, your searing ray dissipates.
The orc priest mumbles some strange prayers to Beogh against you.
Beogh smites you!
You die...

........................'...+.#
#########################...###
# ###.# ## #####
##############.## #. ....#
#...........##..# #. ###.#
#######.#########.###.###. #
#.# #.......#.........# #..###
# #.#
#.......#)############.### #
#.# #.......#@# #............ #
#.##########.#o# #.#######.###
# #.##...# #.#o# #.#..........
# #.##...# #.#.# #.#.######.##
# #.##...# #.#.# #.#.# #.## #
#.##...#####.#<).o#.#.# #..#
###............#.#..#.#.# ##.#
..##############.#..#.#.# #..
.†...(.........#.# .#.#.# ##.


You could see an orc priest and an orc.

Vanquished Creatures
  An orc priest (D:3)
  6 adders
  2 dart slugs
  4 orcs (D:3)
  2 endoplasms
  3 giant cockroaches
  8 goblins
  6 hobgoblins
  6 jackals
  2 kobolds
  6 quokkas
  7 ball pythons
  5 bats
  3 frilled lizards
  3 rats
64 creatures vanquished.

Notes
Turn   | Place    | Note
-------+----------+-------------------------------------------
     0 | D:1      | Cykl0x the Gargoyle Conjurer began the quest for the Orb.
     0 | D:1      | Reached XP level 1. HP: 10/10 MP: 3/3
   125 | D:1      | Reached XP level 2. HP: 15/15 MP: 3/5
   167 | D:1      | Learned a level 2 spell: Searing Ray
   553 | D:1      | Reached XP level 3. HP: 19/20 MP: 1/6
   941 | D:1      | Reached skill level 1 in Fighting
   974 | D:2      | Reached skill level 1 in Long Blades
   974 | D:2      | Reached skill level 1 in Armour
  1132 | D:2      | Reached skill level 5 in Conjurations
  1132 | D:2      | Reached XP level 4. HP: 23/25 MP: 3/7
  1302 | D:2      | Identified the +2 spear of Uskayaw's Whim {freeze, rPois}
  2820 | D:3      | Reached XP level 5. HP: 29/29 MP: 4/8
  2965 | D:3      | Identified the +3 tower shield "Qybloj" {+Inv Int+4}
  3795 | D:3      | Killed from afar by an orc priest

Illustrated notes

Levels and vault maps discovered:
D:1:      shiori_arrival_oz, layout_basic
D:2:      layout_loops_ring, supply_closet_lemuel, grunt_decor_one_mirror
D:3:      layout_basic

Skill      XL: |  1  2  3  4  5 |
---------------+----------------+-----
Fighting       | 1 |  1.4
Long Blades    | 1 |  1.3
Armour         | 1 2 |  2.3
Conjurations   | 5 |  5.0
Dodging        | 2 |  2.2
Short Blades   | |  0.3
Stealth        | |  2.1
Shields        | |  0.1
Spellcasting   | |  2.2
Hexes          | |  0.8

Action                   |  1- 3 |  4- 6 || total
-------------------------+-------+-------++-------
Melee: Dagger            |    37 |    15 ||    52
       Falchion          |       |    30 ||    30
       Punch             |       |     1 ||     1
 Cast: Magic Dart        |    33 |    38 ||    71
       Searing Ray       |     8 |    13 ||    21
  Use: Scroll            |     2 |    11 ||    13
 Stab: Sleeping          |     1 |       ||     1
Armor: Robe              |    23 |    11 ||    34
       Ring mail         |       |    16 ||    16
Dodge: Dodged            |    34 |    34 ||    68
Block: Tower shield      |       |    24 ||    24
       Other             |       |     5 ||     5
